 Dungeon Crawl Stone Soup version 0.24.0-2-g5b39cebb1c (webtiles) character file.

Game seed: 15768451080449503972, levelgen mode: deterministic

24 Mrkan the Grave Robber (level 2, -2/20 HPs)
             Began as a Vampire Necromancer on Oct 31, 2019.
             Slain by a leopard gecko (3 damage)
             ... on level 1 of the Dungeon.
             The game lasted 00:02:48 (814 turns).

Mrkan the Grave Robber (Vampire Necromancer)         Turns: 814, Time: 00:02:48

Health: -2/20      AC:  3    Str:  7    XL:     2   Next: 79%
Magic:  5/5        EV: 13    Int: 17    God:
Gold:   55         SH:  0    Dex: 14    Spells: 3/5 levels left

rFire    . . .     SeeInvis +   e - +0 club
rCold    . . .     Gourm    .   (no shield)
rNeg     . . .     Faith    .   a - +0 robe
rPois    .         Spirit   .   d - +0 helmet
rElec    .         Reflect  .   (no cloak)
rCorr    .         Harm     .   (no gloves)
MR       .....                  (no boots)
Stlth    ++........             (no amulet)
HPRegen  0.26/turn              (no ring)
MPRegen  0.09/turn              (no ring)

@: regenerating quickly
A: no food, fangs 3, see invisible, unbreathing
a: Exsanguinate


You were on level 1 of the Dungeon.
You were alive.

You visited 1 branch of the dungeon, and saw 1 of its levels.

You collected 55 gold pieces.

Inventory:

Hand Weapons
 e - a +0 club (weapon)
Armour
 a - a +0 robe (worn)
 d - a +0 helmet (worn)
Scrolls
 b - a scroll of blinking {unknown}
 g - a scroll of identify {unknown}
 i - a scroll of fear {unknown}
 k - a scroll of remove curse {unknown}
Potions
 c - a potion of flight {unknown}
 f - a potion of mutation {unknown}
 h - a potion of lignification {unknown}
 j - a potion of curing {unknown}
 l - a potion of heal wounds {unknown}


   Skills:
 + Level 0.6 Fighting
 + Level 2.4 Dodging
 + Level 3.6 Stealth
 + Level 2.1 Spellcasting
 * Level 4.7 Necromancy


You had 3 spell levels left.
You knew the following spells:

 Your Spells              Type           Power        Failure   Level  Hunger
a - Pain                  Necr           ###.         2%          1    N/A
b - Animate Skeleton      Necr           N/A          2%          1    N/A

Your spell library contained the following spells:

 Spells                   Type           Power        Failure   Level  Hunger
 Vampiric Draining        Necr           ###.......   9%          3    N/A
 Regeneration             Chrm/Necr      #.........   22%         3    N/A
 Animate Dead             Necr           N/A          26%         4    N/A

Dungeon Overview and Level Annotations

Branches:
Dungeon (1/15)

Altars:


Innate Abilities, Weirdness & Mutations

You do not eat.
Your natural rate of healing is unusually fast.
You have razor-sharp teeth.
You have supernaturally acute eyesight. (SInv)
You can survive without breathing.


Message History

The leopard gecko bites you. x2
* * * LOW HITPOINT WARNING * * *
You closely miss the leopard gecko.
The leopard gecko is almost dead.
The leopard gecko closely misses you.
You hit the leopard gecko but do no damage.
The leopard gecko is almost dead.
The leopard gecko closely misses you. The leopard gecko bites you.
* * * LOW HITPOINT WARNING * * *
You hit the leopard gecko but do no damage.
The leopard gecko is almost dead.
The leopard gecko closely misses you.
You hit the leopard gecko but do no damage.
The leopard gecko is almost dead.
The leopard gecko closely misses you. The leopard gecko bites you.
* * * LOW HITPOINT WARNING * * *
You barely miss the leopard gecko.
The leopard gecko is almost dead.
The leopard gecko bites you.
You die...

#........# ##...##
#.###.##.# ##.## #.##.#
#.# ##.##.# #.# #
#..##.# ##'## #.##.###.#
##...## #........#
##.....## #####.##$##
##.......## #......@l.#
#...†.....#
#.###........+.........'
#.###..####.........#
#.# #.# ##.......## #.
.# ##.....## # .#
##...## # ##)## #.#
##.#####


You could see a leopard gecko.

Vanquished Creatures
  An ooze (D:1)
  3 bats (D:1)
  A giant cockroach (D:1)
  2 hobgoblins (D:1)
  5 kobolds (D:1)
  2 frilled lizards (D:1)
  2 goblins (D:1)
  2 rats (D:1)
18 creatures vanquished.

Notes
Turn   | Place    | Note
-------+----------+-------------------------------------------
     0 | D:1      | Mrkan the Vampire Necromancer began the quest for the Orb.
     0 | D:1      | Reached XP level 1. HP: 13/13 MP: 3/3
     2 | D:1      | Learned a level 1 spell: Animate Skeleton
   231 | D:1      | Reached XP level 2. HP: 18/19 MP: 5/5
   813 | D:1      | HP: 1/20 [leopard gecko (4)]
   814 | D:1      | Slain by a leopard gecko

Levels and vault maps discovered:
D:1:      lightli_arrival_boilingwater, layout_loops_corners

Action                   || total
-------------------------++-------
Melee: Unarmed           ||    60
       Bite              ||    14
       Club              ||    92
 Stab: Sleeping          ||     4
Armor: Robe              ||    43
Dodge: Dodged            ||   159
